 Dungeon Crawl Stone Soup version 0.24.0-13-gcf9b319 (webtiles) character file.

Game seed: 5543328920217800383, levelgen mode: deterministic

95 Fang the Skirmisher (level 4, -2/29 HPs)
             Began as a Gargoyle Fighter on Jan 2, 2020.
             Was an Initiate of Trog.
             Slain by an adder (3 damage)
             ... on level 2 of the Dungeon.
             The game lasted 00:01:56 (1041 turns).

Fang the Skirmisher (Gargoyle Fighter)              Turns: 1041, Time: 00:01:56

Health: -2/29      AC: 13    Str: 25    XL:     4   Next: 65%
Magic:  4/4        EV:  6    Int:  9    God:    Trog [......]
Gold:   61         SH:  9    Dex:  9    Spells: 3/3 levels left

rFire    . . .     SeeInvis .   a - +0 war axe
rCold    . . .     Gourm    .   B - +0 shield
rNeg     + . .     Faith    .   b - +0 chain mail
rPois    ∞         Spirit   .   (no helmet)
rElec    +         Reflect  .   (no cloak)
rCorr    .         Harm     .   (no gloves)
MR       .....                  (no boots)
Stlth    ..........             (no amulet)
HPRegen  0.09/turn              (no ring)
MPRegen  0.09/turn              (no ring)

@: mighty
A: negative energy resistance 1, electricity resistance, unbreathing,
petrification resistance, rot immunity, AC +3
a: Renounce Religion


You were on level 2 of the Dungeon.
You worshipped Trog.
Trog was noncommittal.
You were not hungry.

You visited 1 branch of the dungeon, and saw 2 of its levels.

You collected 61 gold pieces.

Inventory:

Hand Weapons
 a - a +0 war axe (weapon)
Armour
 b - a +0 chain mail (worn)
 B - a +0 shield (worn)
Scrolls
 e - 2 scrolls of enchant armour {unknown}
 h - 3 scrolls of identify {unknown}
 j - a scroll of remove curse {unknown}
 k - a scroll of teleportation {unknown}
 N - a scroll of enchant weapon {unknown}
Potions
 f - a potion of brilliance {unknown}
 i - a potion of mutation {unknown}
Comestibles
 c - 3 rations
 g - 3 chunks of flesh


   Skills:
 + Level 4.1 Fighting
 + Level 2.6 Axes
 + Level 4.0 Armour
 + Level 4.0 Shields


You had 3 spell levels left.
You didn't know any spells.
Your spell library was empty.

Dungeon Overview and Level Annotations

Branches:
Dungeon (2/15)

Altars:
Hepliaklqana
Makhleb
Trog


Innate Abilities, Weirdness & Mutations

You are resistant to torment.
Your stone body is resilient. (AC +3)
You are immune to poison.
You resist negative energy. (rN+)
You are resistant to electric shocks. (rElec)
You can survive without breathing.
You are immune to petrification.
You are immune to rotting.


Message History

Things that are here:
a +0 spear; a gnoll skeleton You block the adder's attack.
You miss the adder. The adder barely misses you. You block the adder's attack.
You barely miss the adder. The adder bites you but does no damage.
The adder bites you.
* * * LOW HITPOINT WARNING * * *
You slash the adder!
The adder is almost dead.
You block the adder's attack. The adder barely misses you.
You closely miss the adder.
The adder is almost dead.
The adder closely misses you.
You miss the adder.
The adder is almost dead.
You block the adder's attack. x2
You miss the adder.
The adder is almost dead.
The adder bites you.
You die...

... #.. #..
####.. #.....
##.#.#.
#<.....####.###
.......@S......
.......)###.###
.....##)# #...
#.#
##.#.##.###.#
#+# #
#........# #.#
####$##### #.#
##### #.#
##.####...##
#.#


You could see an adder.

Vanquished Creatures
  An adder (D:2)
  4 gnolls (D:2)
  An ooze (D:2)
  2 dart slugs (D:1)
  2 leopard geckos (D:1)
  3 orcs (D:2)
  A giant cockroach (D:2)
  2 goblins (D:1)
  3 hobgoblins
  4 jackals (D:2)
  3 kobolds (D:1)
  3 bats
  2 frilled lizards (D:2)
  5 rats
36 creatures vanquished.

Notes
Turn   | Place    | Note
-------+----------+-------------------------------------------
     0 | D:1      | Fang the Gargoyle Fighter began the quest for the Orb.
     0 | D:1      | Reached XP level 1. HP: 14/14 MP: 1/1
   116 | D:1      | Reached XP level 2. HP: 19/19 MP: 2/2
   614 | D:2      | Reached XP level 3. HP: 23/23 MP: 3/3
   655 | D:2      | Found a burning altar of Makhleb.
   655 | D:2      | Found a bloodstained altar of Trog.
   655 | D:2      | Found a hazy altar of Hepliaklqana.
   670 | D:2      | Became a worshipper of Trog the Wrathful
  1005 | D:2      | Reached XP level 4. HP: 26/29 MP: 4/4
  1037 | D:2      | HP: 1/29 [adder (3)]
  1041 | D:2      | Slain by an adder

Levels and vault maps discovered:
D:1:      lemuel_arrival_broad_hall, layout_loops_ring
D:2:      layout_loops_corners, gammafunk_temple_overflow_forgotten, tso_altar

Skill      XL: |  1  2  3  4 |
---------------+-------------+-----
Axes           | 2 |  2.6
Fighting       | 4 |  4.1
Armour         | 4 |  4.0
Shields        | 4 |  4.0

Action                   |  1- 3 |  4- 6 || total
-------------------------+-------+-------++-------
Melee: War axe           |   100 |    20 ||   120
  Use: Potion            |       |     1 ||     1
  Eat: Chunk             |     1 |       ||     1
Armor: Scale mail        |    24 |       ||    24
       Chain mail        |    40 |    16 ||    56
Dodge: Dodged            |    19 |     4 ||    23
Block: Shield            |    50 |    15 ||    65
